 Dungeon Crawl Stone Soup version 0.26.0-16-gc1dbca0489 (webtiles) character file.

Game seed: 17526965042400606236

659 kaeus the Sneak (level 7, -3/41 HPs)
             Began as an Octopode Hedge Wizard on Jan 22, 2021.
             Was a Follower of Sif Muna.
             Killed from afar by an orc wizard (8 damage)
             ... with a magic dart
             ... on level 5 of the Dungeon.
             The game lasted 00:08:55 (5426 turns).

kaeus the Sneak (Octopode Hedge Wizard)             Turns: 5426, Time: 00:08:56

Health: -3/41      AC:  5    Str:  9    XL:     7   Next: 55%
Magic:  13/13      EV: 14    Int: 18    God:    Sif Muna [*.....]
Gold:   157        SH:  3    Dex: 12    Spells: 4/14 levels left

rFire    . . .     SeeInvis .   i - +8 short sword (elec)
rCold    . . .     Faith    .   s - +0 buckler
rNeg     . . .     Spirit   .   b - +0 hat
rPois    .         Reflect  .   p - amulet of magic regeneration
rElec    .         Harm     .   n - +4 ring of protection
rCorr    .         Rampage  .   j - ring of wizardry
Will     .....                  (no ring)
Stlth    ++++......             (no ring)
HPRegen  0.13/turn              (no ring)
MPRegen  0.38/turn              (no ring)
                                (no ring)
                                (no ring)

@: slowed, very slow
A: almost no armour, stealthy swim, amphibious, 8 rings, constrict 8, camouflage
1, gelatinous body 1
a: Renounce Religion, Channel Magic


You were on level 5 of the Dungeon.
You worshipped Sif Muna.
Sif Muna was aware of your devotion.
You visited 1 branch of the dungeon, and saw 5 of its levels.

You collected 157 gold pieces.

Inventory:

Hand Weapons
 i - a +8 short sword of electrocution (weapon)
 m - a +0 hand axe
Armour
 b - a +0 hat (worn)
 s - a +0 buckler (worn)
Jewellery
 j - a ring of wizardry (right tentacle)
 n - a +4 ring of protection (left tentacle)
 p - an amulet of magic regeneration (around mantle)
Scrolls
 c - 3 scrolls of enchant weapon {unknown}
 d - 4 scrolls of teleportation
 e - 2 scrolls of identify
 f - a scroll of amnesia
 g - a scroll of blinking
 l - a scroll of random uselessness {unknown}
 o - a scroll of remove curse
Potions
 a - a potion of haste {unknown}
 h - 4 potions of heal wounds {unknown}
 k - 2 potions of degeneration {unknown}
 q - a potion of brilliance {unknown}
 r - a potion of berserk rage {unknown}


   Skills:
 + Level 3.9 Dodging
 + Level 5.5 Stealth
 * Level 1.2 Shields
 + Level 4.3 Spellcasting
 - Level 2.0 Conjurations
 * Level 1.4 Hexes
 - Level 2.4 Summonings
 - Level 2.0 Translocations
 - Level 2.0 Air Magic
 - Level 2.0 Poison Magic


You had 4 spell levels left.
You knew the following spells:

 Your Spells              Type           Power        Failure   Level
a - Magic Dart            Conj           44%          3%          1
b - Slow                  Hex            9%           7%          2
c - Call Imp              Summ           12%          4%          2
d - Mephitic Cloud        Conj/Pois/Air  11%          11%         3
e - Blink                 Tloc           N/A          6%          2

Your spell library contained the following spells:

 Spells                   Type           Power        Failure   Level
 Conjure Flame            Conj/Fire      7%           16%         3


Dungeon Overview and Level Annotations

Branches:
Dungeon (5/15)             Temple (0/1) D:4

Altars:
Kikubaaqudgha
Nemelex Xobeh
Sif Muna


Innate Abilities, Weirdness & Mutations

You cannot wear most types of armour.
You are very stealthy in the water. (Stealth+)
You are amphibious.
You can wear up to eight rings at the same time.
You can use your tentacles to constrict eight enemies at once.
Your skin changes colour to match your surroundings (Stealth+).
Your rubbery body absorbs attacks. (AC +1, EV +1)


Message History

Casting: Magic Dart (safe; 3% risk of failure)
Confirm with . or Enter, or press ? or * to list all spells.
A beastly little devil appears in a puff of flame.
The orc priest calls upon Beogh to heal the orc wizard.
The orc wizard is healed somewhat.
You now have 11/13 mp.
MP restored: 13 The orc wizard casts a spell at you.
The magic dart hits your crimson imp!
Your crimson imp blinks! x2
The orc priest looks braver for a moment.
The orc wizard mumbles some strange words.
The orc wizard blinks!
The orc priest invokes the aid of Beogh against you.
Beogh smites you!
* * * LOW HITPOINT WARNING * * *
You take 14 damage, and have 5/41 hp.
MASSIVE DAMAGE!!
The orc wizard gestures at you while chanting.
The magic dart hits you!
You die...

#.# ####### ##### #.# #.....#
#...# #.#
########.....####...##### #.#
.oo(()(.(....'..'.........# #.#
.o######(....####...#### .. #.#
..# #.o...# #...# #. #.# ..#
####.....####...######.###.##
...........5....@............<...
..#####.######o###########..##.#.
... ..#.........# #..##.#. ###
#.#.........# #.####.####.
#.#.........# .............
#.#.######'## .#.####..####
#.#.######.# ##..#
#####........... #..#
...........###.## #..#


You could see an orc priest, an orc wizard (fast) and a friendly crimson imp
(summoned).

Vanquished Creatures
  An ogre (D:5)
  A bullfrog (D:2)
  A scorpion (D:4)
  An orc priest (D:5)
  A hound (D:4)
  4 orc wizards (D:5)
  2 bullfrog skeletons (D:4)
  An iguana (D:5)
  A worker ant (D:4)
  5 adders
  3 gnolls (D:3)
  2 shadow imps (D:5)
  2 oozes
  2 worms
  2 dart slugs
  6 leopard geckos
  14 orcs
  3 giant cockroaches
  4 goblins
  5 hobgoblins
  6 jackals
  5 ball pythons
  8 bats
  5 kobolds
  8 rats
93 creatures vanquished.

Vanquished Creatures (collateral kills)
  An orc (D:5)
1 creature vanquished.

Grand Total: 94 creatures vanquished

Notes
Turn   | Place    | Note
-------+----------+-------------------------------------------
     0 | D:1      | kaeus the Octopode Hedge Wizard began the quest for the
                  | Orb.
     0 | D:1      | Reached XP level 1. HP: 11/11 MP: 4/4
   415 | D:1      | Reached XP level 2. HP: 9/17 MP: 0/6
   732 | D:1      | Reached skill level 3 in Stealth
  1626 | D:1      | Reached XP level 3. HP: 17/21 MP: 2/7
  2260 | D:2      | Noticed a bullfrog
  2269 | D:2      | Killed a bullfrog
  2270 | D:2      | Reached XP level 4. HP: 16/27 MP: 6/9
  2273 | D:2      | Learned a level 2 spell: Slow
  2276 | D:2      | Learned a level 2 spell: Call Imp
  2280 | D:2      | Learned a level 3 spell: Mephitic Cloud
  2462 | D:2      | Reached XP level 5. HP: 31/31 MP: 5/10
  3016 | D:3      | Reached skill level 4 in Stealth
  3312 | D:3      | Found a shimmering blue altar of Sif Muna.
  3324 | D:3      | Became a worshipper of Sif Muna the Loreminder
  3693 | D:3      | Learned a level 2 spell: Blink
  4344 | D:4      | Found a staircase to the Ecumenical Temple.
  4366 | D:4      | Reached XP level 6. HP: 36/36 MP: 6/11
  4503 | D:4      | Reached skill level 1 in Poison Magic
  4528 | D:4      | Reached skill level 1 in Air Magic
  4807 | D:4      | Found an ancient bone altar of Kikubaaqudgha.
  4970 | D:5      | Entered Level 5 of the Dungeon
  5052 | D:5      | Reached * piety under Sif Muna
  5053 | D:5      | Reached skill level 5 in Stealth
  5053 | D:5      | Reached XP level 7. HP: 41/41 MP: 7/13
  5137 | D:5      | Found a sparkling altar of Nemelex Xobeh.
  5298 | D:5      | Reached skill level 1 in Shields
  5298 | D:5      | Reached skill level 1 in Hexes
  5426 | D:5      | Killed from afar by an orc wizard

Illustrated notes

Levels and vault maps discovered:
D:1:      minmay_arrival_semitransparent, layout_basic
D:2:      layout_loops_ring
D:3:      layout_loops_ring, led_sif_pool
D:4:      layout_rooms, lemuel_round_altar, minmay_temple_entry_slanted
D:5:      layout_basic, kennysheep_mini_moat, lemuel_crystal_altar,
          minmay_misc_feat_plants

Skill      XL: |  1  2  3  4  5  6  7 |
---------------+----------------------+-----
Stealth        | 3 4 5 |  5.5
Summonings     | 2 |  2.4
Translocations | 2 |  2.0
Conjurations   | 2 |  2.0
Dodging        | 3 |  3.9
Poison Magic   | 2 |  2.0
Air Magic      | 1 2 |  2.0
Spellcasting   | 4 |  4.3
Shields        | 1 |  1.2
Hexes          | 1 |  1.4

Action                   |  1- 3 |  4- 6 |  7- 9 || total
-------------------------+-------+-------+-------++-------
Melee: Dagger            |    24 |       |       ||    24
       Constrict         |     8 |    10 |     3 ||    21
       Tentacles         |     6 |     5 |     3 ||    14
       Short sword       |    11 |    45 |    18 ||    74
 Cast: Magic Dart        |    55 |   124 |    54 ||   233
       Call Imp          |       |       |     3 ||     3
       Mephitic Cloud    |       |       |     1 ||     1
  Use: Scroll            |     4 |       |       ||     4
Armor: Skin              |     3 |     1 |     4 ||     8
Dodge: Dodged            |    30 |    32 |    17 ||    79
Block: Buckler           |       |       |     4 ||     4
